 Dungeon Crawl Stone Soup version 0.30-a0-726-gd89dcf765f (webtiles) character file.

Game seed: 11241315746619901435

112 Bnni the Trooper (level 5, -1/43 HPs)
             Began as a Formicid Fighter on Jan 29, 2023.
             Slain by lagdotcom's ghost (18 damage)
             ... on level 3 of the Dungeon.
             The game lasted 00:02:37 (1820 turns).

Bnni the Trooper (Formicid Fighter)                 Turns: 1820, Time: 00:02:38

Health: -1/43      AC:  9    Str: 23    XL:     5   Next: 16%
Magic:  5/5        EV:  7    Int:  7    God:
Gold:   85         SH:  5    Dex: 13    Spells: 4/4 levels left

rFire   . . .      SeeInvis +    a - +0 trident
rCold   . . .      Faith    .    c - +0 buckler
rNeg    . . .      Spirit   .    g - +0 chain mail
rPois   .          Reflect  .    (helmet unavailable)
rElec   .          Harm     .    (no cloak)
rCorr   .          Rampage  .    (no gloves)
Will    .....                    (no boots) Stlth
                                 n - amulet of magic regeneration
HPRegen 0.27/turn                (no ring)
MPRegen 0.49/turn                (no ring)

@: mighty
A: permanent stasis, dig shafts and tunnels, antennae 3, four strong arms
a: Dig, Shaft Self


You were on level 3 of the Dungeon.
You visited 1 branch of the dungeon, and saw 3 of its levels.

You collected 85 gold pieces.

Inventory:

Hand Weapons
 a - a +0 trident (weapon)
Missiles
 b - 5 poisoned darts
Armour
 c - a +0 buckler (worn)
 g - a +0 chain mail (worn)
Jewellery
 n - an amulet of magic regeneration (around neck)
Scrolls
 e - 2 scrolls of immolation {unknown}
 f - 4 scrolls of identify {unknown}
 h - a scroll of teleportation {unknown}
 i - a scroll of noise {unknown}
 l - a scroll of torment {unknown}
 u - a scroll of vulnerability {unknown}
Potions
 j - 2 potions of heal wounds
 k - a potion of curing {unknown}
 m - a potion of mutation {unknown}
 o - a potion of haste {unknown}
 p - 2 potions of invisibility {unknown}
 q - a potion of brilliance {unknown}
 r - a potion of attraction {unknown}
 s - a potion of flight {unknown}
 t - a potion of ambrosia {unknown}


   Skills:
 + Level 4.3 Fighting
 * Level 4.2 Polearms
 - Level 3.2 Armour
 - Level 4.0 Shields


You had 4 spell levels left.
You didn't know any spells.
Your spell library was empty.

Dungeon Overview and Level Annotations

Branches:
Dungeon (3/15)

Altars:

Annotations:
D:3 lagdotcom's ghost, amateur GnRe


Innate Abilities, Weirdness & Mutations

You cannot be hasted, slowed, berserked, paralysed or teleported.
You can dig through walls and to a lower floor.
You have a pair of large antennae on your head. (SInv)
Your four strong arms can wield two-handed weapons with a shield.


Message History

You barely miss lagdotcom's ghost.
Lagdotcom's ghost casts a spell.
You hit lagdotcom's ghost.
Lagdotcom's ghost is lightly damaged.
The bat hits you but does no damage.
Lagdotcom's ghost says, "Crushing you to a pulp will hurt a lot.
After that?
Painless!
I promise!"
Lagdotcom's ghost hits you but does no damage.
You hit lagdotcom's ghost.
Lagdotcom's ghost is lightly damaged.
The bat barely misses you. Lagdotcom's ghost hits you.
You are electrocuted!!
You miss lagdotcom's ghost.
Lagdotcom's ghost is lightly damaged.
The bat hits you but does no damage. The bat hits you.
Lagdotcom's ghost hits you but does no damage.
You are too injured to fight recklessly!
You barely miss lagdotcom's ghost.
Lagdotcom's ghost is lightly damaged.
You block lagdotcom's ghost's attack.
You feel very mighty all of a sudden. The bat closely misses you.
The bat barely misses you. You block lagdotcom's ghost's attack.
You closely miss lagdotcom's ghost.
Lagdotcom's ghost is lightly damaged.
You block the bat's attack.
Lagdotcom's ghost whispers, "They're coming for you..."
Lagdotcom's ghost hits you but does no damage.
You puncture lagdotcom's ghost!
Lagdotcom's ghost is moderately damaged.
The bat hits you but does no damage. x2; You block lagdotcom's ghost's attack.
You block the bat's attack.
You puncture lagdotcom's ghost!
Lagdotcom's ghost is heavily damaged.
The bat hits you but does no damage. x2
Lagdotcom's ghost hits you but does no damage.
You block lagdotcom's ghost's attack.
You puncture lagdotcom's ghost!
Lagdotcom's ghost is heavily damaged.
The bat hits you but does no damage. Lagdotcom's ghost hits you.
You are electrocuted!!
You die...

#.#..# .ZZ. ..# ... #
#####.#..# #..# .. #
......##..## ###...#..#
### ...##..#...####....#
..# #..
...###.##..........#...#
#.. ...#
#..#.........##...# #..
...# ##.##....Zr.##....#
####.. #..#
#..###'''###....# #....†
P..# ##.....brW@b...##
#...## ♣PP#
############### ##...##
#8...8# ##...##
############# #...#
#...........# ##...##
#...........# #8...8#
#...........# ###
####...## +......<)...#
###8###8##...#


You could see lagdotcom's ghost, a river rat (summoned), an adder simulacrum, 2
bats and a rat (summoned).

Vanquished Creatures
  Natasha (D:2)
  2 adders (D:2)
  2 worms (D:2)
  A dart slug (D:1)
  An adder simulacrum (D:3)
  3 endoplasms
  3 giant cockroaches
  4 goblins
  3 hobgoblins
  4 jackals (D:2)
  6 quokkas
  9 ball pythons
  A ball python simulacrum (D:3)
  8 bats
  2 frilled lizards (D:1)
  3 kobolds
  3 rats
56 creatures vanquished.

Notes
Turn   | Place    | Note
-------+----------+-------------------------------------------
     0 | D:1      | Bnni the Formicid Fighter began the quest for the Orb.
     0 | D:1      | Reached XP level 1. HP: 18/18 MP: 1/1
   114 | D:1      | Reached XP level 2. HP: 24/24 MP: 2/2
   442 | D:1      | Reached XP level 3. HP: 30/30 MP: 3/3
   922 | D:2      | Reached XP level 4. HP: 32/37 MP: 4/4
  1138 | D:2      | Noticed Natasha
  1147 | D:2      | Killed Natasha
  1432 | D:3      | Reached XP level 5. HP: 39/42 MP: 5/5
  1619 | D:3      | Noticed lagdotcom's ghost (amateur GnRe)
  1776 | D:3      | Found a runed translucent gate.
  1776 | D:3      | Found a runed translucent gate.
  1776 | D:3      | Found a runed translucent gate.
  1820 | D:3      | Slain by lagdotcom's ghost

Illustrated notes

Levels and vault maps discovered:
D:1:      spicycebolla_green_bress_n_ham_2, layout_basic
D:2:      layout_loops_ring, serial_rivers, chequers_serial_rivers_micro_d,
          chequers_serial_rivers_small_a, chequers_serial_rivers_room_b,
          chequers_serial_rivers_room_b, chequers_serial_rivers_micro_d,
          chequers_serial_rivers_micro_b, uniq_natasha
D:3:      layout_basic, serial_forest, infiniplex_forest_lined_3,
          infiniplex_forest_zigzag_2, infiniplex_forest_clump_long,
          infiniplex_forest_clump_double, infiniplex_forest_zigzag_1,
          infiniplex_forest_lined_room_, infiniplex_forest_lined_4_way,
          gammafunk_ghost_icy, amethyst_killhole, columned_hall_lemuel,
          moated_statue, corexii_hall_statues_l, nicolae_figureground_pulse

Skill      XL: |  1  2  3  4 |
---------------+-------------+-----
Polearms       | 3 4 |  4.2
Fighting       | 4 |  4.3
Armour         | |  3.2
Shields        | |  4.0

Action                     |  1- 3 |  4- 6 || total
---------------------------+-------+-------++-------
  Melee: Trident           |    87 |    90 ||   177
    Use: Potion            |       |     1 ||     1
 Armour: Chain mail        |    29 |    57 ||    86
  Dodge: Dodged            |    22 |    29 ||    51
  Block: Buckler           |     6 |    18 ||    24

Table legend: (Time is in decaauts)
 A = Elapsed time spent in this place.
 B = Non-inter-level travel time spent in this place.
 C = Inter-level travel time spent in this place.
 D = Time resting spent in this place.
 E = Time spent auto-exploring this place.
 F = Levels seen in this place.
 G = Mean time per level.
                   A        B        C        D        E       F      G
               +--------+--------+--------+--------+--------+-----+--------+
         Total |   1853 |   1795 |     58 |      0 |   1391 |   3 |  617.7 |
       Dungeon |   1853 |   1795 |     58 |      0 |   1391 |   3 |  617.7 |
               +--------+--------+--------+--------+--------+-----+--------+

Top non-repeatable levels by time:
     D:2: 829 daAuts
     D:1: 619 daAuts
     D:3: 404 daAuts
